 Dungeon Crawl Stone Soup version 0.21-a0-278-ga722497 (webtiles) character file.

82 hobthepixie the Chiller (level 4, -10/30 HPs)
             Began as a Barachi Ice Elementalist on Sept 22, 2017.
             Mangled by a gnoll
             ... wielding a +0 halberd
              (15 damage)
             ... on level 2 of the Dungeon.
             The game lasted 00:06:09 (2088 turns).

hobthepixie the Chiller (Barachi Ice Elementalist)  Turns: 2088, Time: 00:06:10

Health: -10/30     AC:  2    Str: 12    XL:     4   Next: 43%
Magic:  5/9        EV: 12    Int: 15    God:
Gold:   101        SH:  0    Dex: 13    Spells: 1/9 levels left

rFire    . . .     SeeInvis .   i - +0 dagger
rCold    . . .     Gourm    .   (no shield)
rNeg     . . .     Faith    .   a - +0 robe
rPois    .         Spirit   .   (no helmet)
rElec    .         Reflect  .   (no cloak)
rCorr    .         Harm     .   (no gloves)
MR       .....                  (no boots)
Stlth    ++........             (no amulet)
HPRegen  0.10/turn              m - +2 ring of strength
MPRegen  0.11/turn              (no ring)

@: slow
A: +LOS, swims, slowness 1, strong legs 1
a: Hop


You were on level 2 of the Dungeon.
You were not hungry.

You visited 1 branch of the dungeon, and saw 2 of its levels.

You collected 101 gold pieces.

Inventory:

Hand Weapons
 i - a +0 dagger (weapon)
Armour
 a - a +0 robe (worn)
 g - a +0 ring mail
Jewellery
 m - a +2 ring of strength (left hand)
Scrolls
 d - 5 scrolls of teleportation {unknown}
 e - 3 scrolls of identify {unknown}
 f - 3 scrolls of recharging {unknown}
 h - a scroll of amnesia {unknown}
 k - a scroll of blinking {unknown}
Potions
 j - a potion of flight {unknown}
 o - a potion of invisibility {unknown}
Books
 b - a book of Frost

   Spells                             Type                      Level
   a - Freeze                         Ice                          1
   b - Throw Frost                    Conjuration/Ice              2
   c - Ozocubu's Armour               Charms/Ice                   3
   d - Throw Icicle                   Conjuration/Ice              4
   e - Summon Ice Beast               Ice/Summoning                4
Comestibles
 c - 2 bread rations
 l - 2 fruits


   Skills:
 + Level 0.2 Fighting
 + Level 2.2 Dodging
 + Level 2.1 Stealth
 * Level 3.4 Spellcasting
   Level 1.1 Conjurations
 * Level 0.2 Charms
 * Level 0.2 Summonings
 * Level 4.7 Ice Magic


You had one spell level left.
You knew the following spells:

 Your Spells              Type           Power        Failure   Level  Hunger
a - Freeze                Ice            ###.         2%          1    None
b - Ozocubu's Armour      Chrm/Ice       ##......     21%         3    ###....
c - Summon Ice Beast      Ice/Summ       ##......     56%         4    ####...


Dungeon Overview and Level Annotations

Branches:
Dungeon (2/15)

Altars:


Innate Abilities, Weirdness & Mutations

Shadows flee at your approach. (+LOS)
You can swim through water.
You cover ground slowly.
You can hop short distances.


Message History

The gnoll hits you with a halberd!
* * * LOW HITPOINT WARNING * * *
Casting: Freeze
Confirm with . or Enter, or press ? or * to list all spells.
Aiming: Freeze
Press: ? - help, Shift-Dir - straight line, f - gnoll
Aim: a gnoll, wielding a halberd You freeze the gnoll.
The gnoll is moderately wounded.
The gnoll barely misses you.
Casting: Freeze
Confirm with . or Enter, or press ? or * to list all spells.
Aiming: Freeze
Press: ? - help, Shift-Dir - straight line, f/p - gnoll
Aim: a gnoll, wielding a halberd (moderately wounded)
You freeze the gnoll.
The gnoll is moderately wounded.
The gnoll hits you with a halberd!
Ouch! That really hurt!
You die...

.<†...........# #?.......g..
###...........# #.......g...
###...........#######...........
#...............................
#.#...........########.#########
#.............# #†#
###...........# #.#
#####(##############.#
#........?@g.....#
##################


You could see a gnoll.

Vanquished Creatures
  Terence (D:2)
  A gnoll (D:2)
  An adder (D:2)
  2 dart slugs (D:1)
  A leopard gecko (D:1)
  A giant cockroach (D:1)
  2 goblins (D:1)
  5 hobgoblins
  3 kobolds (D:1)
  2 quokkas (D:2)
  4 bats
  5 frilled lizards
  8 rats
36 creatures vanquished.

Notes
Turn   | Place    | Note
-------+----------+-------------------------------------------
     0 | D:1      | hobthepixie the Barachi Ice Elementalist began the quest for the Orb.
     0 | D:1      | Reached XP level 1. HP: 13/13 MP: 3/3
   271 | D:1      | Reached skill level 4 in Ice Magic
   271 | D:1      | Reached XP level 2. HP: 6/19 MP: 0/5
  1128 | D:1      | Reached XP level 3. HP: 11/24 MP: 1/7
  1565 | D:2      | Noticed Terence
  1573 | D:2      | Killed Terence
  1668 | D:2      | Reached XP level 4. HP: 30/30 MP: 6/8
  1735 | D:2      | Learned a level 3 spell: Ozocubu's Armour
  1740 | D:2      | Learned a level 4 spell: Summon Ice Beast
  2088 | D:2      | Mangled by a gnoll

Vault maps used:
D:1:      minmay_arrival_cross, minmay_pentomino_t4
D:2:      uniq_terence

Skill      XL: |  1  2  3 |
---------------+----------+-----
Ice Magic      | 4 |  4.7
Stealth        | 2 |  2.1
Spellcasting   | 3 |  3.4
Fighting       | |  0.2
Dodging        | |  2.2
Conjurations   | |  1.1
Charms         | |  0.2
Summonings     | |  0.2

Action                   |  1- 3 |  4- 6 || total
-------------------------+-------+-------++-------
Melee: Unarmed           |     9 |       ||     9
       Dagger            |     4 |     3 ||     7
 Cast: Freeze            |    43 |    21 ||    64
 Stab: Sleeping          |     1 |       ||     1
  Eat: Chunk             |     3 |     1 ||     4
Armor: Robe              |    18 |     6 ||    24
Dodge: Dodged            |    43 |    19 ||    62

Table legend:
 A = Spawn XP
 B = Non-spawn XP
 C = Spawn XP percentage of total XP
 D = Spawn monster count
 E = Non-spawn monster count
 F = Spawn count percentage of total count
 G = Total turns spent on level
                    A         B        C        D         E        F      G
               +---------+---------+-------+---------+---------+-------+---------
         Total |       0 |     118 |   0.0 |       0 |      36 |   0.0 |  2088
               +---------+---------+-------+---------+---------+-------+---------
           D:1 |       0 |      41 |   0.0 |       0 |      24 |   0.0 |  1552
           D:2 |       0 |      77 |   0.0 |       0 |      12 |   0.0 |   536
               +---------+---------+-------+---------+---------+-------+---------
